Map: Neon Violet Square LE

Players

DragonSlayer

  • Race: Terran Terran
  • Spawn Location: 5:00

Juxtapose - Winner!

  • Race: Protoss Protoss
  • League: Gold
  • Spawn Location: 11:00

VOD

https://youtu.be/Ndfovx-YChw

Description

This match went well, and I toyed a little with Warp Prism harass.

Time

  • Played on: Nov. 26, 2017, 2:21 p.m.
  • Length: 14:05
Show
View Real Time Build Order
Export as new Build Order

DragonSlayer Terran 

Build Orders: Command Center First (CC) 

Get SALT Encoding   

  12  0:02  SCV  
  13  0:14  SCV  
  14  0:27  SCV  
  15  0:39  Engineering Bay  
  15  0:40  Refinery  
  15  0:44  Refinery  
  15  0:58  Supply Depot  
  15  1:06  Supply Depot  
  15  1:20  SCV  
  16  1:50  Command Center  
  16  1:51  Barracks  
  16  2:14  Barracks  
  17  2:37  SCV  
  17  2:44  Marine  
  17  2:49  SCV  
  19  3:01  Orbital Command  
  19  3:02  Marine  
  19  3:03  Missile Turret  
  20  3:22  Missile Turret  
  20  3:32  SCV  
  21  3:38  Marine x2  
  21  3:41  Missile Turret  
  23  3:44  SCV  
  23  3:45  SCV  
  25  3:56  SCV, Reaper, Marine  
  28  4:04  Missile Turret  
  28  4:05  Orbital Command  
  28  4:08  SCV  
  29  4:14  Marine  
  30  4:20  SCV  
  31  4:28  Marine  
  32  4:32  Marine  
  32  4:33  SCV  
  32  4:34  Factory  
  34  4:46  Marine  
  34  4:49  Marine  
  35  5:26  Widow Mine  
  37  5:43  Bunker, Barracks Tech Lab  
  37  5:45  Barracks Reactor  
  37  5:49  SCV  
  38  5:55  Widow Mine  
  40  6:01  SCV  
  41  6:11  Hi-Sec Auto Tracking  
  41  6:13  SCV  
  41  6:15  Bunker  
  42  6:22  Engineering Bay  
  42  6:23  Engineering Bay  
  42  6:24  Widow Mine  
  42  6:25  SCV  
  45  6:37  SCV  
  46  6:40  Sensor Tower  
  46  6:46  Bunker  
  46  6:52  Widow Mine  
  48  6:59  Command Center, Factory  
  48  7:20  Marauder  
  48  7:21  Marine x2, Widow Mine  
  50  7:39  Marine x2  
  50  7:42  Marauder  
  50  7:43  Factory  
  48  7:57  Marine x2  
  48  8:03  Marauder  
  48  8:12  Bunker  
  48  8:15  Marine x2  
  50  8:24  Marauder  
  52  8:30  Refinery  
  52  8:31  Factory Reactor  
  52  8:33  Factory Reactor  
  52  8:34  Factory Tech Lab  
  52  8:43  Bunker  
  52  8:46  Marauder  
  54  8:55  Refinery  
  54  8:57  Armory  
  54  8:59  SCV  
  55  9:11  SCV  
  55  9:14  Bunker  
  56  9:23  SCV  
  57  9:34  Missile Turret  
  57  9:35  SCV  
  58  9:44  Widow Mine x4  
  58  9:45  Starport  
  66  9:57  Missile Turret  
  72  10:07  Supply Depot  
  72  10:12  Widow Mine x2  
  76  10:17  Missile Turret  
  76  10:28  Widow Mine x2  
  76  10:29  Supply Depot  
  76  10:31  Planetary Fortress  
  80  10:35  Missile Turret  
  80  10:42  Hellion x2  
  80  10:52  Supply Depot  
  75  10:58  Hellion x2  
  75  11:03  Hellion x2  
  75  11:15  Supply Depot  
  75  11:19  Hellion x2  
  75  11:24  Refinery  
  79  11:36  SCV  
  79  11:37  Supply Depot  
  80  11:44  Starport Tech Lab  
  80  11:48  SCV, Missile Turret, Cyclone x2  
  87  11:55  Hellion  
  87  12:00  SCV  
  90  12:07  Missile Turret  
  90  12:12  SCV  
  91  12:20  Cyclone  
  94  12:24  SCV  
  94  12:28  Missile Turret  
  95  12:42  Thor  
  95  12:45  Marauder  
  95  12:46  Marine x2  
  95  12:49  Missile Turret  
  80  13:04  Marine x2  
  63  13:07  Marauder  
  63  13:10  Missile Turret  
  51  13:22  Marine x2  
  43  13:28  Marauder  
  43  13:30  Missile Turret  
  35  13:40  Marine x2  
Show
View Real Time Build Order
Export as new Build Order

Juxtapose Protoss - Winner!

Build Orders:  

Get SALT Encoding   

  12  0:01  Probe (Chrono Boost)  
  13  0:14  Probe (Chrono Boost)  
  14  0:22  Pylon  
  14  0:23  Probe  
  15  0:40  Probe  
  15  0:41  Gateway  
  16  0:52  Probe  
  16  0:56  Assimilator  
  17  1:04  Probe (Chrono Boost)  
  17  1:09  Pylon  
  18  1:16  Probe (Chrono Boost)  
  19  1:20  Probe (Chrono Boost)  
  19  1:23  Assimilator  
  20  1:30  Probe, Zealot  
  23  1:45  Cybernetics Core  
  23  1:54  Probe  
  24  2:06  Probe  
  24  2:07  Pylon  
  25  2:23  Warp Gate (Chrono Boost)  
  25  2:29  Robotics Facility  
  25  2:31  Gateway  
  25  2:35  Gateway  
  25  3:00  Adept  
  27  3:20  Nexus  
  27  3:22  Pylon  
  27  3:23  Pylon  
  28  3:27  Observer  
  28  3:36  Probe  
  29  3:47  Adept  
  29  3:48  Immortal  
  35  4:09  Probe  
  36  4:15  Forge  
  36  4:20  Adept  
  36  4:21  Probe (Chrono Boost)  
  40  4:33  Probe (Chrono Boost)  
  42  4:41  Probe (Chrono Boost)  
  42  4:44  Pylon  
  43  4:46  Probe x2 (Chrono Boost)  
  43  4:47  Probe  
  43  4:49  Probe  
  45  4:55  Adept x2  
  45  4:59  Probe  
  49  5:01  Probe  
  49  5:03  Observer  
  51  5:13  Pylon  
  52  5:15  Probe (Chrono Boost)  
  52  5:17  Probe (Chrono Boost)  
  53  5:24  Adept x2  
  53  5:25  Adept  
  53  5:27  Probe (Chrono Boost)  
  53  5:28  Probe (Chrono Boost)  
  62  5:35  Probe  
  62  5:38  Probe  
  62  5:40  Assimilator  
  63  5:44  Assimilator  
  63  5:45  Photon Cannon  
  63  5:49  Photon Cannon  
  63  5:50  Probe  
  64  5:58  Protoss Ground Weapons Level 1 (Chrono Boost)  
  64  6:02  Probe  
  65  6:06  Twilight Council  
  65  6:23  Immortal (Chrono Boost)  
  65  6:25  Adept x3  
  75  6:45  Resonating Glaives  
  75  6:47  Probe  
  75  6:53  Immortal (Chrono Boost)  
  80  6:59  Probe  
  81  7:11  Nexus, Stalker  
  81  7:12  Stalker  
  61  7:53  Adept x3  
  61  7:56  Protoss Ground Armor Level 1  
  55  8:18  Stargate  
  55  8:21  Adept x3  
  55  8:24  Immortal  
  65  8:31  Probe (Chrono Boost)  
  65  8:32  Probe (Chrono Boost)  
  65  8:33  Probe (Chrono Boost)  
  68  8:37  Blink  
  68  8:47  Robotics Bay  
  68  9:00  Probe  
  68  9:02  Warp Prism  
  69  9:05  Assimilator, Void Ray  
  69  9:08  Assimilator  
  71  9:10  Pylon  
  71  9:13  Pylon  
  71  9:15  Adept x3  
  81  9:17  Pylon  
  81  9:35  Extended Thermal Lance  
  81  9:39  Immortal (Chrono Boost)  
  85  9:46  Void Ray  
  85  9:50  Protoss Ground Weapons Level 2 (Chrono Boost)  
  88  10:01  Probe  
  88  10:06  Adept  
  88  10:07  Adept x2  
  93  10:08  Immortal (Chrono Boost)  
  99  10:28  Void Ray  
  103  10:36  Colossus (Chrono Boost), Adept x2  
  103  10:37  Adept  
  109  10:47  Adept x3  
  109  11:11  Adept x3, Void Ray  
  119  11:21  Colossus (Chrono Boost)  
  125  11:28  Nexus, Charge  
  125  11:30  Pylon  
  125  11:32  Pylon  
  125  11:36  Pylon  
  125  11:54  Void Ray (Chrono Boost)  
  129  12:04  Immortal (Chrono Boost)  
  129  12:05  Stalker x2  
  129  12:06  Stalker  
  139  12:27  Void Ray  
  143  12:33  Immortal  
  147  12:38  Adept  
  123  13:10  Stalker x3  
  124  13:13  Observer  
  111  13:34  Observer  
  107  13:44  Adept  
  107  13:45  Adept x2  
Tags
 
Add a new tag
Caveats
  • Supply blocks, unpowered buildings, or Contaminate may cause inaccurate times.
  • Supply counts are checked every 10 seconds.